 Dungeon Crawl Stone Soup version bcrawl-1.40.3b (webtiles) character file.

Game seed: 15132612271383380610

512388 petercordia3 the Brawler (level 12, -6/111 HPs)
             Began as a Troll Chaos Knight on Feb 21, 2024.
             Was an Initiate of Gozag.
             Mangled by a five-headed hydra (11 damage)
             ... called by Grum
             ... on level 2 of the Lair of Beasts.
             The game lasted 00:26:43 (9964 turns).

petercordia3 the Brawler (Troll Chaos Knight)       Turns: 9964, Time: 00:26:44

Health: -6/111     AC: 13    Str: 23    XL:     12   Next: 38%
Magic:  10/20      EV: 14    Int:  9    God:    Gozag
Gold:   648        SH:  0    Dex: 15    Spells: 11/11 levels left

rFire    . . .     GDR:     30%   - Claws (37.1)
rCold    . . .     SeeInvis .   (no shield)
rNeg     . . .     Gourm    +   (armour unavailable)
rPois    .         Faith    .   J - +1 hat
rElec    .         Spirit   .   v - +0 cloak
rCorr    .         Reflect  .   (gloves unavailable)
MR       ++...                  (boots unavailable)
Stlth    ++........             G - amulet of rage
HPRegen  1.08/turn              k - ring of protection from magic
MPRegen  0.17/turn              Q - ring of magical power

@: death channel, liquefying, gold aura, slowed movement, very slow
A: large, almost no armour, claws 3, horns 1, thin metallic scales 1, agile 1,
fast metabolism 3, gourmand, magic resistance 1, regeneration 2, MP-powered
wands, AC +9
a: Potion Petition, Call Merchant, Bribe Branch, Renounce Religion, Evoke
Berserk Rage


You were on level 2 of the Lair of Beasts.
You worshipped Gozag.
Gozag was pleased with you.
You were near starving.

You visited 3 branches of the dungeon, and saw 13 of its levels.
You also visited: Bailey.

You collected 2216 gold pieces.
You spent 408 gold pieces at shops.
You paid 1160 gold pieces to Gozag.

Inventory:

Hand Weapons
 g - a +1 hunting sling
Missiles
 h - 3140 stones (quivered)
 s - 2314 arrows
 t - 855 bolts
 A - 349 poisoned needles
 D - 192 poisoned tomahawks
 I - 772 sling bullets
Armour
 v - a +0 cloak (worn)
 J - a +1 hat (worn)
Jewellery
 k - a ring of protection from magic (left claw)
 G - an amulet of rage (around neck)
 H - a +6 ring of intelligence
 Q - a ring of magical power (right claw)
 R - an uncursed ring of protection from magic
Wands
 y - a wand of random effects (1)
 N - a wand of flame (11)
 T - a wand of iceblast (14)
 U - a wand of acid (9)
Scrolls
 a - 13 scrolls of teleportation
 c - 8 scrolls of remove curse
 d - 2 scrolls of blinking {unknown}
 i - 2 scrolls of identify
 p - a scroll of acquirement {unknown}
 q - a scroll of amnesia
 r - a scroll of vulnerability {unknown}
 w - a scroll of brand weapon
 B - 2 scrolls of immolation {unknown}
 E - 2 scrolls of fear
 L - 7 scrolls of enchant armour
 M - 3 scrolls of enchant weapon
Potions
 b - 3 potions of invisibility
 f - 3 potions of cancellation
 j - 3 potions of magic {unknown}
 l - 8 potions of curing
 m - 3 potions of haste {unknown}
 n - a potion of mutation {unknown}
 o - 2 potions of heal wounds
 u - a potion of berserk rage {unknown}
 x - 3 potions of flight
 z - a potion of degeneration {unknown}
 C - 2 potions of brilliance
 F - 2 potions of lignification {unknown}
 K - 4 potions of might
 P - 3 potions of resistance {unknown}
Miscellaneous
 S - a phantom mirror
Comestibles
 e - 13 rations {!d}


   Skills:
 + Level 5.2 Fighting
 + Level 7.7 Dodging
 + Level 3.6 Stealth
 + Level 16.1 Unarmed Combat


You had 11 spell levels left.
You didn't know any spells.
Your spell library contained the following spells:

 Spells                   Type           Power        Failure   Level  Hunger
 Sting                    Conj/Pois      #...         38%         1    None
 Poisonous Vapours        Pois/Air       #.....       52%         2    ####...
 Ignite Poison            Fire/Tmut/Pois #.......     77%         3    #####..
 Olgreb's Toxic Radiance  Pois           #........    99%         4    ######.
 Summon Scorpions         Summ/Pois      #.......     99%         4    ######.
 Bolt of Draining         Conj/Necr      #.........   100%        5    #######
 Iskenderun's Battlesphe  Conj/Chrm      #.......     100%        5    #######
 Piercing Shot            Chrm           #.........   100%        5    #######
 Steam Barrier            Chrm/Fire      #.........   100%        5    #######
 Venom Bolt               Conj/Pois      #.........   100%        5    #######
 Bolt of Cold             Conj/Ice       #.........   100%        6    #######
 Iron Shot                Conj/Erth      #.........   100%        6    #######
 Poison Arrow             Conj/Pois      #.........   100%        6    #######
 Time Stop                Chrm/Tloc      N/A          100%        8    #######


Dungeon Overview and Level Annotations

Branches:
Dungeon (10/12)            Temple (1/1) D:7            Lair (2/6) D:9
    Orc (0/1) D:9
  Swamp: Lair:2-4    Shoals: Lair:2-4     Snake: Lair:2-4    Spider: Lair:2-4

Altars:
Ashenzari
Cheibriados
Dithmenos
Elyvilon
Fedhas
Gozag
Hepliaklqana
Kikubaaqudgha
Lugonu
Makhleb
Nemelex Xobeh
Okawaru
Qazlal
Ru
Sif Muna
Trog
Uskayaw
Vehumet
Wu Jian
Xom
Yredelemnul
Zin
The Shining One

Shops:
D:7 :   D:10 ?

Annotations:
Lair:2 exclusion: hydra, Grum


Innate Abilities, Weirdness & Mutations

You cannot wear most types of armour.
Your thick skin is tough. (AC +9)
You are too large for most types of armour.
You have claws for hands.
Your metabolism is lightning-fast.
You like to eat raw meat.
You heal very quickly.
You have a pair of small horns on your head.
You are partially covered in thin metallic scales. (AC +2)
You are agile. (Dex +2)
You are resistant to hostile enchantments. (MR+)
You expend magic power (3 MP) to strengthen your wands.


Message History

The five-headed hydra becomes momentarily stuck in the liquid earth.
The five-headed hydra bites you but does no damage.
The five-headed hydra bites you!
* * * LOW HITPOINT WARNING * * *
No path to travel!
As you read the scroll labeled YNNAJOAPRE, it crumbles to dust.
It is a scroll of enchant weapon.
Your hunting sling glows red for a moment.
Grum shouts, "Spot!
Good boy!"
The wolf becomes momentarily stuck in the liquid earth.
The blink frog hits you!
* * * LOW HITPOINT WARNING * * *
The five-headed hydra barely misses you.
The five-headed hydra bites you.
* * * LOW HITPOINT WARNING * * *
The five-headed hydra bites you but does no damage.
The five-headed hydra bites you!
You die...
Xom roars with laughter!
Your body crumbles into a pile of gold.

**.........###
*,#.>........#
*##..........*
####..........#*
#####P........##
#######...?....##*##
#######PP....hS.#..#
#########...tDF....#
########...hSh@...##
######.....g#####..#
#######$...P####P,,#
#######.##$!.P.#.,**
#######..##......#*
########.S........**
########th........,*
#########gD.......,*
########..........**


You could see a five-headed hydra, Grum, a blink frog, 2 water moccasins, a
crocodile and 3 wolves.

Vanquished Creatures
  Gastronok (D:8)
  A skeletal warrior (D:9)
  6 orc knights
  3 wolf spider zombies (D:10)
  An ugly thing (D:9)
  An elephant (D:9)
  2 cane toads (Lair:1)
  A freezing wraith (D:9)
  A kobold demonologist (D:10)
  An eye of draining (D:6)
  An efreet (D:9)
  A dryad (D:9)
  Prince Ribbit (D:8)
  A hornet (D:7)
  4 trolls
  2 hippogriffs
  A spriggan (D:9)
  2 wyverns
  A steam dragon (D:9)
  A hungry ghost (D:9)
  Menkaure (D:6)
  4 wargs (D:9)
  Edmund (D:6)
  3 crocodiles
  A porcupine (Lair:1)
  2 water moccasins (Lair:1)
  3 ice beasts
  10 orc warriors
  3 ogres
  5 wolves
  A boggart (D:8)
  5 bullfrogs
  Blork the orc (D:6)
  5 centaurs
  3 scorpions
  5 killer bees (D:6)
  A statue (D:9)
  5 wights (D:7)
  2 howler monkeys (D:10)
  An electric eel (Lair:1)
  6 orc priests
  A wolf skeleton (D:10)
  3 crimson imps
  A jelly (D:8)
  6 hounds
  2 quasits
  Crazy Yiuf (D:2)
  Jessica (D:3)
  4 orc wizards
  Natasha (thrice) (D:3 D:6)
  An iguana (D:6)
  5 worker ants
  2 killer bee zombies (D:5)
  A hound zombie (D:7)
  4 gnolls (D:5)
  11 adders
  3 howler monkey skeletons
  2 shadow imps
  2 adder skeletons (D:4)
  An adder zombie (D:8)
  5 worms
  4 leopard geckos
  62 orcs
  6 bats
  2 giant cockroaches (D:2)
  9 goblins
  4 hobgoblins
  4 jackals
  10 kobolds
  3 quokkas
  A ball python (D:3)
  4 frilled lizards
  A quokka skeleton (D:3)
  5 rats
  A fungus (D:2)
276 creatures vanquished.

Vanquished Creatures (collateral kills)
  Psyche (D:8)
  Grinder (D:3)
  An orc warrior (D:8)
  A hound (D:8)
  An orc wizard (D:8)
  2 orcs (D:9)
7 creatures vanquished.

Vanquished Creatures (others)
  2 orc wizards
  2 orcs (D:3)
  A fungus (Lair:2)
5 creatures vanquished.

Grand Total: 288 creatures vanquished

Notes
Turn   | Place    | Note
-------+----------+-------------------------------------------
     0 | D:1      | petercordia3 the Troll Chaos Knight began the quest for the
                  | Orb.
     0 | D:1      | Reached XP level 1. HP: 22/22 MP: 0/0
     5 | D:1      | XOM: silly message
   129 | D:1      | Reached XP level 2. HP: 29/29 MP: 1/1
   683 | D:2      | Reached XP level 3. HP: 30/36 MP: 2/2
  1381 | D:2      | XOM: chaos upgrade
  1393 | D:2      | Reached skill level 4 in Unarmed Combat
  1609 | D:2      | Found a runed door.
  1613 | D:2      | Noticed Crazy Yiuf
  1616 | D:2      | Killed Crazy Yiuf
  1617 | D:2      | Gained mutation: Your natural rate of healing is unusually
                  | fast. [Troll growth]
  1617 | D:2      | Reached XP level 4. HP: 43/44 MP: 3/3
  1710 | D:3      | Noticed Jessica
  1721 | D:3      | Killed Jessica
  1781 | D:3      | XOM: medium Air miscast
  1796 | D:3      | XOM: polymorph orc priest -> quokka
  1902 | D:3      | Noticed Natasha
  1927 | D:3      | Killed Natasha
  1928 | D:3      | Reached skill level 5 in Unarmed Combat
  1928 | D:3      | Reached XP level 5. HP: 48/53 MP: 4/4
  1950 | D:3      | Noticed Grinder
  1960 | D:3      | XOM: summons friendly white imp
  1964 | D:3      | Killed Grinder
  1965 | D:3      | Reached skill level 6 in Unarmed Combat
  1965 | D:3      | Reached XP level 6. HP: 46/61 MP: 5/5
  2382 | D:3      | XOM is BORED!
  2803 | D:4      | XOM: stat loss: -1 Str (20/21)
  2979 | D:4      | XOM: 3-stop teleportation journey
  3151 | D:4      | Reached XP level 7. HP: 60/67 MP: 6/6
  3549 | D:5      | Entered Level 5 of the Dungeon
  3614 | D:5      | Reached skill level 7 in Unarmed Combat
  3740 | D:5      | Reached skill level 1 in Stealth
  3803 | D:5      | Found a stormy altar of Qazlal.
  4149 | D:5      | XOM: cloud trail
  4356 | D:6      | Noticed Natasha
  4369 | D:6      | Killed Natasha
  4373 | D:6      | Noticed Natasha
  4374 | D:6      | Reached skill level 8 in Unarmed Combat
  4377 | D:6      | Killed Natasha
  4378 | D:6      | Reached XP level 8. HP: 60/75 MP: 7/7
  4386 | D:6      | XOM: potion effect (haste)
  4391 | D:6      | XOM: give mutations
  4391 | D:6      | Gained mutation: You expend magic power (3 MP) to
                  | strengthen your wands. [Xom's grace]
  4391 | D:6      | Gained mutation: You are agile. (Dex +2) [Xom's grace]
  4531 | D:6      | Noticed Menkaure
  4537 | D:6      | Killed Menkaure
  4545 | D:6      | Noticed a six-headed hydra
  4573 | D:6      | XOM: god gift: leather armour {god gift}
  4626 | D:6      | Noticed an eye of draining
  4626 | D:6      | a six-headed hydra changed into an eye of draining
  4626 | D:6      | XOM: polymorph six-headed hydra -> eye of draining
  4629 | D:6      | Killed an eye of draining
  4630 | D:6      | Reached skill level 9 in Unarmed Combat
  4676 | D:6      | Noticed Blork the orc
  4680 | D:6      | Killed Blork the orc
  4701 | D:6      | Found a glowing golden altar of the Shining One.
  4710 | D:6      | Noticed Edmund
  4721 | D:6      | Killed Edmund
  4753 | D:6      | Found a shattered altar of Ashenzari.
  4753 | D:6      | Found a burning altar of Makhleb.
  4764 | D:6      | XOM: scenery: create altars
  4877 | D:6      | Reached skill level 10 in Unarmed Combat
  4885 | D:6      | Reached XP level 9. HP: 63/83 MP: 8/8
  5169 | D:6      | XOM: medium Erth miscast
  5242 | D:6      | XOM: noise
  5344 | D:7      | Found Nuesetyff's Book Emporium.
  5375 | D:7      | Found a staircase to the Ecumenical Temple.
  5453 | Temple   | Entered the Ecumenical Temple
  5571 | Temple   | Fell from the grace of Xom
  5571 | Temple   | Became a worshipper of Gozag Ym Sagoz the Greedy
  5701 | D:7      | Noticed a troll
  5709 | D:7      | Killed a troll
  5710 | D:7      | Reached skill level 11 in Unarmed Combat
  5726 | D:7      | Reached skill level 5 in Dodging
  6036 | D:7      | XOM: noise
  6226 | D:7      | XOM: god gift: ring mail {god gift}
  6292 | D:8      | Noticed Psyche
  6297 | D:8      | XOM: summons 4 friendly demons
  6306 | D:8      | Noticed Gastronok
  6316 | D:8      | XOM: fake destruction
  6331 | D:8      | Killed Gastronok
  6332 | D:8      | Reached skill level 13 in Unarmed Combat
  6332 | D:8      | Reached XP level 10. HP: 49/93 MP: 9/9
  6333 | D:8      | XOM: mild Tmut miscast
  6337 | D:8      | XOM: summons 7 friendly demons
  6346 | D:8      | XOM: 1-stop teleportation journey
  6368 | D:8      | Killed Psyche
  6476 | D:8      | Reached XP level 11. HP: 79/101 MP: 10/10
  6476 | D:8      | XOM: polymorph orc warrior -> boggart
  6524 | D:8      | Noticed Prince Ribbit
  6529 | D:8      | XOM: medium Ice miscast
  6530 | D:8      | Killed Prince Ribbit
  6564 | D:8      | Found a flagged portal.
  6575 | Bailey   | Entered a bailey
  6588 | Bailey   | Reached skill level 14 in Unarmed Combat
  6766 | Bailey   | Noticed an orc knight
  6766 | Bailey   | Noticed an orc knight
  6863 | Bailey   | XOM: confuse monster(s)
  6865 | Bailey   | Killed an orc knight
  6939 | Bailey   | Killed an orc knight
  6997 | Bailey   | Noticed an orc knight
  7000 | Bailey   | Noticed an orc knight
  7002 | Bailey   | XOM: cast spell 'Alistair's Intoxication'
  7034 | Bailey   | Killed an orc knight
  7086 | Bailey   | XOM: summons 2 friendly demons
  7091 | Bailey   | HP: 1/101 [orc knight/+0 trident (15)]
  7127 | Bailey   | HP: 2/101 [orc warrior/+0 spear (23)]
  7130 | Bailey   | XOM: summons 2 friendly demons
  7135 | Bailey   | Killed an orc knight
  7246 | Bailey   | Noticed an orc knight
  7249 | Bailey   | XOM: summons 2 friendly demons
  7258 | Bailey   | Killed an orc knight
  7566 | D:9      | Found a staircase to the Lair.
  7566 | D:9      | Found a basalt altar of Yredelemnul.
  7583 | D:9      | XOM: cast spell 'Summon Scorpions'
  7917 | D:9      | Reached skill level 15 in Unarmed Combat
  7930 | D:9      | Found a staircase to the Orcish Mines.
  8196 | D:9      | XOM: give mutations
  8196 | D:9      | Gained mutation: You are partially covered in thin metallic
                  | scales. (AC +2) [Xom's grace]
  8196 | D:9      | Gained mutation: You are resistant to hostile enchantments.
                  | (MR+) [Xom's grace]
  8196 | D:9      | Gained mutation: You have a pair of small horns on your
                  | head. [Xom's grace]
  8219 | D:9      | XOM: cast spell 'Summon Scorpions'
  8357 | D:9      | Noticed a red ugly thing
  8371 | D:9      | Killed a red ugly thing
  8415 | D:9      | Noticed a skeletal warrior
  8431 | D:9      | Killed a skeletal warrior
  8520 | D:10     | Entered Level 10 of the Dungeon
  8553 | D:10     | Gained mutation: You heal very quickly. [Troll growth]
  8553 | D:10     | Reached XP level 12. HP: 93/110 MP: 11/11
  8624 | D:10     | XOM: harmless Pois miscast
  8644 | D:10     | Bought a scroll of enchant armour for 142 gold pieces
  8644 | D:10     | Bought a scroll of remove curse for 57 gold pieces
  8644 | D:10     | Bought 2 scrolls of teleportation for 114 gold pieces
  8644 | D:10     | Bought a scroll of fear for 95 gold pieces
  8876 | D:10     | Reached skill level 5 in Fighting
  8887 | D:10     | XOM: potion effect (haste)
  8961 | D:10     | XOM: mild Necr miscast
  8974 | D:10     | XOM: divination: detect creatures
  8979 | D:10     | XOM: cast spell 'Summon Butterflies'
  9175 | Lair:1   | Entered Level 1 of the Lair of Beasts
  9225 | Lair:1   | XOM: silly message
  9238 | Lair:1   | Reached skill level 16 in Unarmed Combat
  9803 | Lair:1   | XOM: mild Hex miscast
  9892 | Lair:2   | Noticed a five-headed hydra
  9911 | Lair:2   | Noticed Grum
  9921 | Lair:2   | XOM: divination: detect creatures
  9945 | Lair:2   | XOM: cast spell 'Statue Form'
  9954 | Lair:2   | XOM: cast spell 'Death Channel'
  9962 | Lair:2   | XOM: cast spell 'Leda's Liquefaction'
  9964 | Lair:2   | HP: 5/111 [five-headed hydra[Grum] (6)]
  9964 | Lair:2   | Mangled by a five-headed hydra

Skill      XL: |  1  2  3  4  5  6  7  8  9 10 11 12 |
---------------+-------------------------------------+-----
Dodging        | 2 3 4 5 6 7 |  7.7
Unarmed Combat | 4 5 6 8 10 13 15 16 | 16.1
Fighting       | 3 4 5 |  5.2
Stealth        | 1 2 3 |  3.6

Action                   |  1- 3 |  4- 6 |  7- 9 | 10-12 || total
-------------------------+-------+-------+-------+-------++-------
Melee: Unarmed           |   113 |   106 |   245 |   379 ||   843
       Punch             |     2 |     5 |    13 |    20 ||    40
       Headbutt          |       |       |       |    30 ||    30
Invok: Potion Petition   |       |       |       |     2 ||     2
       Call Merchant     |       |       |       |     1 ||     1
 Abil: Evoke Berserk Rag |       |       |       |     3 ||     3
Evoke: Wand              |       |       |     3 |    10 ||    13
  Use: Potion            |       |     1 |       |       ||     1
       Scroll            |       |     4 |       |     9 ||    13
 Stab: Distracted        |       |       |     1 |       ||     1
       Sleeping          |       |       |     1 |     3 ||     4
       Invisible         |       |       |       |     2 ||     2
       Confused          |       |       |       |     1 ||     1
  Eat: Chunk             |    16 |    12 |    19 |       ||    47
       Ration            |       |       |       |     7 ||     7
Armor: Skin              |    32 |    27 |    59 |   169 ||   287
Dodge: Dodged            |    57 |    37 |    88 |   312 ||   494
